Construct Section Command Post
Selects Australian Defense Battlegroup
Selects Australian Light Infantry Section
Australian Light Infantry Section
Selects Defensive Tactics
Construct Platoon Command Post
Australian Light Infantry Section
Selects CMP 15cwt Supply Run
Unlock Bishop Self-propelled Artillery
Bishop Self-propelled Artillery
Bishop Self-propelled Artillery
Construct Field Infirmary
Selects Reinforced Resource Caches
Construct Company Command Post
Unlock M3 Grant Medium Tanks
Australian Light Infantry Section
Selects Archer Tank Destroyer